 Dungeon Crawl Stone Soup version 0.20-a0-270-g8e735b6 (webtiles) character file.

10911 gamerape the Fighter (level 11, -3/80 HPs)
             Began as a Demonspawn Chaos Knight on Dec 9, 2016.
             Slain by a jumping spider (14 damage)
             ... on level 3 of the Lair of Beasts.
             The game lasted 00:58:20 (14267 turns).

gamerape the Fighter (Demonspawn Chaos Knight)     Turns: 14267, Time: 00:58:21

Health: -3/80      AC: 18    Str: 14    XL:     11   Next: 42%
Magic:  15/15      EV: 15    Int: 16    God:    Xom [...*..]
Gold:   544        SH:  0    Dex: 12    Spells: 6/13 levels left

rFire  + . .     SeeInvis .     a - +2 falchion (chaos)
rCold  . . .     Gourm    .     f - +2 leather armour
rNeg   + . .     Faith    .     (no shield)
rPois  .         Spirit   .     (helmet restricted)
rElec  .         Reflect  .     (no cloak)
rCorr  +         Harm     .     (no gloves)
MR     .....     Clarity  +     y - +1 pair of boots
Stlth  +++.......               (no amulet)
                                I - ring of resist corrosion
                                o - ring of stealth

@: sanguine armour, invisible
A: antennae 1, claws 2, talons 1, clarity, clever 1, deformed body, demonic
guardian 2, fire resistance 1, frail 1, negative energy resistance 1, weak 1,
sanguine armour 3
a: Renounce Religion


You were on level 3 of the Lair of Beasts.
You worshipped Xom.
You were a favourite toy of Xom.
You were not hungry.

You visited 2 branches of the dungeon, and saw 11 of its levels.
You also visited: Sewer.

You collected 544 gold pieces.

Inventory:

Hand Weapons
 a - a +2 falchion of chaos (weapon)
 b - a +2 dagger of venom
 h - a +0 whip of pain
 t - a +3 triple crossbow of chaos
Missiles
 k - 203 stones (quivered)
 p - 4 tomahawks
Armour
 f - a +2 leather armour (worn)
 v - a +0 shield
 y - a +1 pair of boots (worn)
 O - +0 steam dragon scales
Jewellery
 o - a ring of stealth (left claw)
 I - a ring of resist corrosion (right claw)
Wands
 B - a wand of flame (22/48)
 P - a wand of lightning (6/15)
Scrolls
 m - 3 scrolls of identify
 w - 2 scrolls of fear
 z - 2 scrolls of recharging
 F - 2 scrolls of remove curse
 H - 2 scrolls of teleportation
 J - 2 scrolls of immolation {unknown}
 K - a scroll of amnesia {unknown}
 N - 3 scrolls of fog
 Q - a scroll of brand weapon {unknown}
 S - a scroll of blinking {unknown}
Potions
 e - 2 potions of berserk rage {unknown}
 g - 3 potions of resistance
 i - a potion of beneficial mutation {unknown}
 j - a potion of mutation {unknown}
 l - 2 potions of lignification
 n - 2 potions of agility
 r - a potion of invisibility
 s - a potion of heal wounds {unknown}
 u - a potion of cure mutation {unknown}
 G - 2 potions of brilliance
 L - a potion of flight
 R - 2 potions of cancellation {unknown}
Books
 A - a book of Flames

   Spells                             Type                      Level
   a - Flame Tongue                   Conjuration/Fire             1
   b - Throw Flame                    Conjuration/Fire             2
   c - Conjure Flame                  Conjuration/Fire             3
   d - Inner Flame                    Hexes/Fire                   3
   e - Sticky Flame                   Conjuration/Fire             4
   f - Fireball                       Conjuration/Fire             5
 D - a book of Minor Magic

   Spells                             Type                      Level
   a - Magic Dart                     Conjuration                  1
   b - Blink                          Translocation                2
   c - Call Imp                       Summoning                    2
   d - Repel Missiles                 Charms/Air                   2
   e - Slow                           Hexes                        2
   f - Conjure Flame                  Conjuration/Fire             3
   g - Mephitic Cloud                 Conjuration/Poison/Air       3
 M - the Papyrus of the Floating Oath
   (You found it on level 8 of the Dungeon)

   Spells                             Type                      Level
   a - Summon Guardian Golem          Hexes/Summoning              3
   b - Discord                        Hexes                        8
   c - Tornado                        Air                          9
Miscellaneous
 x - a lamp of fire (inert)
Comestibles
 c - 9 bread rations
 d - 3 meat rations
 q - 7 chunks of flesh
 E - 11 royal jellies


   Skills:
 * Level 9.0 Fighting
 + Level 8.7 Long Blades
 - Level 1.2 Throwing
 + Level 6.5 Armour
 + Level 7.2 Dodging
 - Level 3.1 Stealth
 - Level 2.0 Shields
 - Level 1.5 Unarmed Combat
 + Level 1.6 Spellcasting
 + Level 6.4 Evocations


You had 6 spell levels left.
You knew the following spells:

 Your Spells              Type           Power        Failure   Level  Hunger
a - Blink                 Tloc           N/A          47%         2    ###....
b - Repel Missiles        Chrm/Air       #.....       47%         2    ###....
c - Summon Guardian Gole  Hex/Summ       #.......     86%         3    ####...


Dungeon Overview and Level Annotations

Branches:
Dungeon (8/15)             Temple (0/1) D:7            Lair (3/6) D:8
  Swamp: Lair:2-4    Shoals: Lair:2-4     Snake: Lair:2-4    Spider: Lair:2-4

Altars:
Ashenzari
Gozag
Hepliaklqana
Trog
Xom

Shops:
D:7 [(


Innate Abilities, Weirdness & Mutations

You have very sharp fingernails.
A demonic guardian rushes to your aid.
Your flesh is heat resistant. (rF+)
You resist negative energy. (rN+)
When seriously injured, your bleeding wounds create very thick armour. (AC +12)
You have a pair of small antennae on your head.
You have sharp toenails.
You possess an exceptional clarity of mind.
Your mind is acute. (Int +2)
Armour fits poorly on your strangely shaped body.
You are frail. (-10% HP)
You are weak. (Str -2)


Message History

The jumping spider flickers and vanishes!
Deactivating autopickup; reactivate with Ctrl-A.
Something pounces on you but does no damage.
Something barely misses you. Something pounces on you!
Something completely misses you.
You barely miss something.
You hear the slow rumble of a very distant avalanche of rocks.
Something pounces on you!
You are caught in a web!
Something bites you.
You struggle to detach yourself from the web.
Something pounces on you but does no damage.
Something bites you.
You disentangle yourself.
Something pounces on you!
* * * LOW HITPOINT WARNING * * *
Something bites you but does no damage. Something pounces on you!
* * * LOW HITPOINT WARNING * * *
Something bites you but does no damage.
That item cannot be evoked!
You fade into invisibility!
Something pounces on you!
You die...

..........#.......#
..................#
P.....##..........#
......#...........#
.P........P.......#
.#.#.##...#.......#
##.####.####...####
#...#..## #....{##
....#.## #.#...#@##
.......##.###.###.#
.......### #.#.#^##
.(.#...# ## #^#.#
...##..# #.# ##
..###P.# #.#
.......# #[.
.......# #^.
........# ##


There were no monsters in sight!

Vanquished Creatures
  A komodo dragon (Lair:2)
  A polar bear (Lair:2)
  A hippogriff (Lair:1)
  A dream sheep (Lair:2)
  9 yaks
  A basilisk (Lair:2)
  5 porcupines
  2 water moccasins
  An ice beast (D:5)
  2 black bears (D:8)
  A sky beast (D:6)
  An ogre (D:7)
  2 necrophages
  3 centaurs
  5 crocodiles
  Blork the orc (D:6)
  5 bullfrogs
  A gnoll sergeant (D:6)
  2 scorpions
  7 killer bees
  A howler monkey (D:6)
  Crazy Yiuf (D:7)
  2 orc priests
  2 hounds
  4 jellies
  3 orc wizards
  A gnoll shaman (D:4)
  A bullfrog skeleton (D:6)
  An iguana (shapeshifter) (D:8)
  A hell rat (D:7)
  2 iguanas
  6 worker ants
  2 hound skeletons
  A hound zombie (D:6)
  A worker ant zombie (D:6)
  Robin (D:1)
  12 gnolls
  A howler monkey skeleton (D:6)
  9 adders
  A river rat (D:4)
  A shadow imp (D:5)
  4 oozes (D:8)
  3 dart slugs
  6 worms
  4 leopard geckos
  22 orcs
  9 bats
  8 giant cockroaches
  12 goblins
  8 hobgoblins
  18 jackals
  8 kobolds
  3 quokkas
  4 ball pythons (D:3)
  6 frilled lizards
  A leopard gecko zombie (D:8)
  7 rats
229 creatures vanquished.

Vanquished Creatures (collateral kills)
  2 hydras (Lair:2)
  2 catoblepae (Lair:2)
  A torpor snail (Lair:2)
  A black mamba (Lair:2)
  4 spiny frogs
  3 komodo dragons
  2 hippogriffs (Lair:1)
  5 blink frogs
  A redback (Lair:3)
  2 wyverns
  4 yaks
  A hungry ghost (D:8)
  A steam dragon (D:8)
  2 water moccasins
  An ogre (D:4)
  A crocodile (Lair:1)
  2 bullfrogs
  A scorpion (D:4)
  4 killer bees (D:7)
  3 orc wizards
  3 gnolls
  A shadow imp (D:8)
  A leopard gecko (D:8)
  4 orcs
  A hobgoblin (D:3)
  A jackal (D:2)
  A quokka (D:7)
  A frilled lizard (D:4)
56 creatures vanquished.

Vanquished Creatures (others)
  An ooze (D:8)
  A jackal (D:7)
  A fungus (Lair:2)
  A plant (Lair:2)
4 creatures vanquished.

Grand Total: 289 creatures vanquished

Notes
Turn   | Place    | Note
-------+----------+-------------------------------------------
     0 | D:1      | gamerape the Demonspawn Chaos Knight began the quest for the Orb.
     0 | D:1      | Reached XP level 1. HP: 18/18 MP: 1/1
    74 | D:1      | XOM: potion effect (haste)
    86 | D:1      | Reached skill level 1 in Dodging
   189 | D:1      | Gained mutation: When seriously injured, your bleeding wounds create armour. (AC +12) [demonic ancestry]
   189 | D:1      | Reached XP level 2. HP: 19/24 MP: 2/2
   254 | D:1      | XOM: divination: detect items
   508 | D:2      | Noticed Robin
   526 | D:1      | XOM: harmless Necr miscast
   544 | D:1      | Killed Robin
   690 | D:1      | Gained mutation: When seriously injured, your bleeding wounds create thick armour. (AC +12) [demonic ancestry]
   690 | D:1      | Reached XP level 3. HP: 23/29 MP: 3/3
   780 | D:1      | XOM: smoke on damage
  1017 | D:1      | XOM: divination: magic mapping
  1233 | D:2      | XOM: butterfly on damage
  1385 | D:2      | XOM: divination: detect items
  1640 | D:2      | XOM: summons 3 friendly demons
  1642 | D:2      | Gained mutation: A weak demonic guardian rushes to your aid. [demonic ancestry]
  1642 | D:2      | Reached XP level 4. HP: 21/35 MP: 4/4
  1682 | D:2      | XOM: scenery: 1 doors close
  1863 | D:2      | XOM: scenery: create altars
  2263 | D:3      | XOM: cast spell 'Spider Form'
  2826 | D:3      | Gained mutation: You have sharp fingernails. [demonic ancestry]
  2826 | D:3      | Reached XP level 5. HP: 42/42 MP: 5/5
  2902 | D:3      | XOM: harmless Chrm miscast
  2925 | D:3      | XOM: harmless Erth miscast
  2927 | D:3      | XOM: confuse monster(s)
  2936 | D:3      | Reached skill level 4 in Fighting
  2936 | D:3      | Reached skill level 1 in Stealth
  3106 | D:3      | XOM: mild Divn miscast
  3227 | D:3      | XOM: mild Hex miscast
  3377 | D:3      | XOM: give mutations
  3377 | D:3      | Gained mutation: You are weak. (Str -2) [Xom's mischief]
  3377 | D:3      | Gained mutation: Armour fits poorly on your strangely shaped body. [Xom's mischief]
  3397 | D:4      | XOM: cloud trail
  3682 | D:4      | Reached skill level 1 in Shields
  3682 | D:4      | Gained mutation: When seriously injured, your bleeding wounds create very thick armour. (AC +12) [demonic ancestry]
  3682 | D:4      | Reached XP level 6. HP: 21/47 MP: 6/6
  3787 | D:4      | Found a glowing drain.
  3791 | Sewer    | Entered a sewer
  3882 | Sewer    | XOM: medium Erth miscast
  4520 | Sewer    | XOM: summons 2 hostile shadow creatures
  4745 | D:4      | XOM: polymorph quasit -> crimson imp
  4766 | D:4      | Reached XP level 7. HP: 38/54 MP: 7/7
  4778 | D:4      | XOM: 1-stop teleportation journey
  4823 | D:4      | XOM: god gift: book of Minor Magic
  4838 | D:4      | Learned a level 2 spell: Blink
  4841 | D:4      | Learned a level 2 spell: Repel Missiles
  5044 | D:4      | XOM: scenery: create altars
  5057 | D:5      | Entered Level 5 of the Dungeon
  5119 | D:5      | Found a hazy altar of Hepliaklqana.
  5279 | D:5      | Reached skill level 5 in Long Blades
  5279 | D:5      | Reached skill level 1 in Evocations
  5293 | D:5      | Got a thick robe
  5304 | D:5      | Identified the +1 robe "Buogaxko" {rF+ Int+8 Dex-5 Slay-3} (You found it on level 5 of the Dungeon)
  5480 | D:5      | XOM: smoke on damage
  5881 | D:6      | Noticed Blork the orc
  5894 | D:6      | Reached skill level 5 in Fighting
  5914 | D:6      | Killed Blork the orc
  5914 | D:6      | Gained mutation: You have very sharp fingernails. [demonic ancestry]
  5914 | D:6      | Reached XP level 8. HP: 44/61 MP: 9/9
  6015 | D:6      | Found a shattered altar of Ashenzari.
  6287 | D:6      | XOM: give mutations
  6287 | D:6      | Gained mutation: You have a pair of small horns on your head. [Xom's grace]
  6287 | D:6      | Lost mutation: You are weak. (Str -2) [Xom's grace]
  6287 | D:6      | Gained mutation: Your mind is acute. (Int +2) [Xom's grace]
  6430 | D:6      | Found an opulent altar of Gozag.
  6466 | D:7      | Found a staircase to the Ecumenical Temple.
  6782 | D:7      | XOM: god gift: plate armour {god gift}
  7343 | D:7      | Found Efopott's Weapon Emporium.
  7804 | D:7      | Found Ipnaugan's Armour Boutique.
  7951 | D:7      | Gained mutation: A demonic guardian rushes to your aid. [demonic ancestry]
  7951 | D:7      | Reached XP level 9. HP: 67/69 MP: 11/11
  7994 | D:7      | XOM: enchant monster (good)
  8223 | D:7      | XOM: harmless Fire miscast
  8267 | D:7      | XOM: polymorph orc wizard -> hell rat
  8458 | D:7      | Found a runed door.
  8462 | D:7      | Noticed Crazy Yiuf
  8468 | D:7      | Killed Crazy Yiuf
  8468 | D:7      | Reached skill level 6 in Fighting
  8622 | D:7      | XOM: divination: detect items
  8676 | D:7      | XOM: polymorph orc priest -> worm
  8806 | D:8      | XOM: cast spell 'Summon Butterflies'
  8957 | D:8      | XOM: cleaving
  8975 | D:8      | XOM: confuse monster(s)
  9004 | D:8      | Reached skill level 5 in Dodging
  9126 | D:8      | Reached skill level 5 in Armour
  9421 | D:8      | Found a bloodstained altar of Trog.
  9421 | D:8      | XOM: 1-stop teleportation journey
  9422 | D:8      | Noticed a komodo dragon
  9432 | D:8      | Killed a komodo dragon
  9502 | D:8      | XOM: give mutations
  9502 | D:8      | Gained mutation: Scrolls take you a little longer to read. [Xom's mischief]
  9502 | D:8      | Lost mutation: You have a pair of small horns on your head. [Xom's mischief]
  9562 | D:8      | XOM: cloud trail
  9596 | D:8      | XOM: 5-stop teleportation journey
  9685 | D:8      | Identified the Papyrus of the Floating Oath
  9787 | D:8      | Noticed a komodo dragon
  9794 | D:8      | Killed a komodo dragon
  9796 | D:8      | Reached skill level 1 in Throwing
  9870 | D:8      | Found a staircase to the Lair.
  9998 | D:8      | XOM: give mutations
  9998 | D:8      | Gained mutation: You possess an exceptional clarity of mind. [Xom's grace]
  9998 | D:8      | Gained mutation: You have sharp toenails. [Xom's grace]
  9998 | D:8      | Gained mutation: You have a pair of small antennae on your head. [Xom's grace]
 10084 | Lair:1   | Entered Level 1 of the Lair of Beasts
 10244 | Lair:1   | Reached skill level 7 in Fighting
 10244 | Lair:1   | Gained mutation: You resist negative energy. (rN+) [demonic ancestry]
 10244 | Lair:1   | Reached XP level 10. HP: 73/79 MP: 13/13
 10337 | Lair:1   | XOM: harmless Conj miscast
 10486 | Lair:1   | XOM: give mutation
 10486 | Lair:1   | Gained mutation: You are weak. (Str -2) [Xom's mischief]
 10502 | Lair:1   | XOM: summons 5 hostile demons
 10901 | Lair:1   | XOM: smoke on damage
 10997 | Lair:1   | XOM: scenery: create altars
 11093 | Lair:1   | XOM: summons 4 hostile demons
 11146 | Lair:1   | Noticed a spiny frog
 11148 | Lair:1   | Killed a spiny frog
 11291 | Lair:1   | XOM: harmless Ice miscast
 11360 | Lair:1   | XOM: medium Necr miscast
 11370 | Lair:1   | XOM: draining
 11405 | Lair:2   | Noticed a spiny frog
 11412 | Lair:2   | Killed a spiny frog
 11458 | Lair:2   | XOM: cast spell 'Hydra Form'
 11463 | Lair:2   | Reached skill level 8 in Fighting
 11495 | Lair:2   | XOM: 2-stop teleportation journey
 11501 | Lair:2   | Reached skill level 5 in Evocations
 11511 | Lair:2   | Noticed a torpor snail
 11516 | Lair:2   | XOM: polymorph smoke demon -> sixfirhy
 11521 | Lair:2   | Reached skill level 1 in Unarmed Combat
 11530 | Lair:2   | Killed a torpor snail
 11646 | Lair:2   | Noticed a spiny frog
 11648 | Lair:2   | Killed a spiny frog
 11687 | Lair:2   | XOM: 1-stop teleportation journey
 11707 | Lair:2   | Noticed a spiny frog
 11713 | Lair:2   | Noticed a five-headed hydra
 11718 | Lair:2   | Killed a spiny frog
 11731 | Lair:2   | Killed a five-headed hydra
 11731 | Lair:2   | Gained mutation: Your flesh is heat resistant. (rF+) [demonic ancestry]
 11731 | Lair:2   | Reached XP level 11. HP: 23/87 MP: 15/15
 11779 | Lair:1   | XOM: give mutations
 11779 | Lair:1   | Gained mutation: You are frail. (-10% HP) [Xom's mischief]
 11779 | Lair:1   | Lost mutation: Scrolls take you a little longer to read. [Xom's mischief]
 12037 | Lair:2   | Noticed a four-headed hydra
 12047 | Lair:2   | XOM: polymorph four-headed hydra -> four-headed hydra
 12060 | Lair:2   | Killed a four-headed hydra
 12113 | Lair:2   | Noticed a catoblepas
 12171 | Lair:1   | Learned a level 3 spell: Summon Guardian Golem
 12711 | Lair:2   | XOM: 1-stop teleportation journey
 13136 | Lair:2   | Noticed a catoblepas
 13139 | Lair:2   | XOM: scenery: 1 doors open
 13149 | Lair:2   | Reached skill level 1 in Spellcasting
 13157 | Lair:2   | Killed a catoblepas
 13240 | Lair:2   | XOM: god gift: 55 gold pieces
 13477 | Lair:2   | XOM: draining
 13483 | Lair:2   | XOM: scenery: 1 doors close
 13540 | Lair:2   | XOM: confuse monster(s)
 13647 | Lair:2   | XOM: god gift: runed triple crossbow {god gift}
 13658 | Lair:2   | XOM: polymorph spiny frog -> polar bear
 13807 | Lair:2   | XOM: cloud trail
 14029 | Lair:2   | XOM: scenery: create altars
 14077 | Lair:2   | XOM: polymorph soul eater -> Brimstone Fiend
 14083 | Lair:2   | Killed a catoblepas
 14083 | Lair:2   | Reached skill level 9 in Fighting
 14178 | Lair:3   | XOM: summons friendly ufetubus
 14204 | Lair:3   | XOM: god gift: pink potion {god gift}
 14267 | Lair:3   | Slain by a jumping spider

Vault maps used:
D:1:      dpeg_arrival_houses_and_road
D:2:      first_bread, minmay_misc_feat_tiny, uniq_robin
D:3:      st_stairs_4
D:4:      gup_sewer_entry_bowl
D:5:      old_standard_altar
D:6:      kennysheep_little_box, kennysheep_mini_moat, uniq_blork_the_orc
D:7:      serial_shops, shop, kennysheep_mini, uniq_crazy_yiuf_cottage
D:8:      erik_lair_dragon, hangedman_little_slice_of_home, trog_ov_bears_minmay
Lair:2:   hangedman_lair_generics_rect
Lair:3:   nicolae_spider_entry_tight_spaces, basic_altar,
          nicolae_volcano_entry_lava_flow, st_stairs_11
Sewer:    sewer_the_crocodile

Skill      XL: |  1  2  3  4  5  6  7  8  9 10 11 |
---------------+----------------------------------+-----
Dodging        | 1 2 4 5 6 7 |  7.2
Long Blades    | 3 4 5 6 7 8 |  8.7
Armour         | 2 3 4 5 6 |  6.5
Fighting       | 4 5 7 8 9 |  9.0
Stealth        | 1 2 3 |  3.1
Shields        | 1 2 |  2.0
Evocations     | 2 3 4 5 6 |  6.4
Throwing       | 1 |  1.2
Unarmed Combat | 1 |  1.5
Spellcasting   | 1 |  1.6

Action                   |  1- 3 |  4- 6 |  7- 9 | 10-12 || total
-------------------------+-------+-------+-------+-------++-------
Melee: Falchion          |    71 |   221 |   254 |   175 ||   721
       Dagger            |    16 |    11 |   116 |    52 ||   195
       Unarmed           |       |     2 |       |    16 ||    18
       Headbutt          |       |       |    44 |       ||    44
       Punch             |       |       |       |     1 ||     1
Throw: Stone             |     2 |     4 |     3 |    14 ||    23
Evoke: Lamp of fire      |       |       |     1 |     1 ||     2
       Wand              |       |       |       |     2 ||     2
  Use: Scroll            |     2 |     4 |     3 |     6 ||    15
       Potion            |       |       |     6 |     3 ||     9
 Stab: Sleeping          |       |     3 |    14 |     2 ||    19
       Confused          |       |     2 |     1 |       ||     3
       Petrifying        |       |     1 |     1 |       ||     2
       Petrified         |       |     1 |       |       ||     1
       Paralysed         |       |       |     3 |     4 ||     7
       Distracted        |       |       |       |     4 ||     4
  Eat: Chunk             |     2 |     6 |    17 |     4 ||    29
       Fruit             |       |     2 |     2 |       ||     4
       Royal jelly       |       |     1 |       |       ||     1
       Meat ration       |       |       |       |     2 ||     2
       Beef jerky        |       |       |       |     1 ||     1
Armor: Leather armour    |    48 |    86 |   110 |   101 ||   345
       Skin              |       |       |       |     6 ||     6
Dodge: Dodged            |    55 |    87 |   264 |   199 ||   605
Block: Shield            |       |    30 |    13 |       ||    43
       Rpst.: Falchion   |    19 |    18 |    49 |    37 ||   123
